 Dungeon Crawl Stone Soup version 0.28-a0-1524-ge72afd5fc6 (webtiles) character file.

Game seed: 16650576204403814634

140 knot the Chopper (level 5, 41/41 HPs)
             Began as a Demonspawn Berserker on Jan 18, 2022.
             Was a Believer of Trog.
             Quit the game on level 3 of the Dungeon.
             The game lasted 00:03:45 (3033 turns).

knot the Chopper (Demonspawn Berserker)             Turns: 3033, Time: 00:03:46

Health: 41/41      AC:  5    Str: 17    XL:     5   Next: 2%
Magic:  14/14      EV: 11    Int: 10    God:    Trog [**....]
Gold:   114        SH:  0    Dex: 13    Spells: 4/4 levels left

rFire   . . .      SeeInvis .   a - +0 hand axe
rCold   . . .      Faith    .   (no shield)
rNeg    . . .      Spirit   .   j - +0 ring mail
rPois   .          Reflect  .   (no helmet)
rElec   .          Harm     .   (no cloak)
rCorr   .          Rampage  .   (no gloves)
Will    .....                   (no boots)
Stlth   +.........              (no amulet)
HPRegen 0.13/turn               b - ring of magical power
MPRegen 0.28/turn               f - ring of flight

@: flying
A: claws 1, demonic guardian 1, magic regeneration
a: Renounce Religion, Berserk, Trog's Hand


You were on level 3 of the Dungeon.
You worshipped Trog.
Trog was pleased with you.
You visited 1 branch of the dungeon, and saw 3 of its levels.

You collected 114 gold pieces.

Inventory:

Hand Weapons
 a - a +0 hand axe (weapon)
Missiles
 d - 2 poisoned darts (quivered)
 h - 48 stones
Armour
 j - a +0 ring mail (worn)
Jewellery
 b - a ring of magical power (left claw)
 f - a ring of flight (right claw)
Scrolls
 g - a scroll of amnesia
 k - a scroll of fog {unknown}
Potions
 c - a potion of flight {unknown}
 e - 2 potions of ambrosia {unknown}
 i - a potion of mutation {unknown}


   Skills:
 - Level 3.0 Fighting
 * Level 4.4 Axes
 * Level 2.3 Throwing
 - Level 1.7 Armour
 - Level 1.7 Dodging


You had 4 spell levels left.
You didn't know any spells.
Your spell library was empty.

Dungeon Overview and Level Annotations

Branches:
Dungeon (3/15)

Altars:

Shops:
D:1 *


Innate Abilities, Weirdness & Mutations

You have sharp fingernails.
A weak demonic guardian rushes to your aid.
You regenerate magic rapidly.


Message History

You kill the quokka!
Trog accepts your kill.
No target in view!
You see here a +0 dagger.
Done exploring.
Done exploring.
There is a stone staircase leading down here.
You fly downwards.
The orc shouts!
Found a copper wand.
Found an escape hatch in the ceiling.
There is a stone staircase leading up here.
Throw: 4 darts (poison)
Press: ? - help, Q - select action, (/) - cycle Shift-Dir - straight line, f - orc
Aim: an orc, wielding a +0 war axe (59% to hit)
You throw a poisoned dart. The poisoned dart hits the orc.
The orc is poisoned.
Throw: 3 darts (poison)
Press: ? - help, Q - select action, (/) - cycle Shift-Dir - straight line, f - bat, p - orc
Aim: a bat (44% to hit)
You throw a poisoned dart. The poisoned dart hits the bat.
The bat is poisoned.
You barely miss the bat.
The bat is moderately wounded.
You hit the goblin but do no damage. The bat barely misses you.
The goblin hits you but does no damage.
You hit the bat.
You kill the bat!
Trog accepts your kill.
You can now call upon Trog for regeneration and willpower.
You hit the goblin. The goblin hits you but does no damage.
A jelly comes into view.
The jelly quivers.
You hit the orc.
You kill the orc!
Trog accepts your kill.
You hit the goblin.
You kill the goblin!
Trog accepts your kill.
You have reached level 5!
Your demonic ancestry asserts itself...
You feel the presence of a demonic guardian.
Are you sure you want to abandon this character and quit the game? (Confirm with "yes".)

.. ... ... #...
...########....
...............
...............
#...../...###
#............
#...)@....#
<......).......
.......r....###
#..............
#.#.....(......
. #....(.......
.....J.......
#.............


You could see a jelly and a rat.

Vanquished Creatures
  Natasha (thrice) (D:2)
  An adder (D:2)
  A worm (D:2)
  A dart slug (D:1)
  2 orcs
  6 endoplasms
  3 giant cockroaches
  8 goblins
  2 hobgoblins (D:1)
  4 jackals (D:1)
  2 kobolds (D:1)
  2 quokkas (D:2)
  2 ball pythons (D:1)
  3 bats
  3 frilled lizards (D:1)
  A rat (D:1)
44 creatures vanquished.

Vanquished Creatures (others)
  13 withered plants (D:1)
13 creatures vanquished.

Grand Total: 57 creatures vanquished

Notes
Turn   | Place    | Note
-------+----------+-------------------------------------------
     0 | D:1      | knot the Demonspawn Berserker began the quest for the Orb.
     0 | D:1      | Reached XP level 1. HP: 18/18 MP: 1/1
   156 | D:1      | Found Isucuca Zobo's Assorted Antiques.
   170 | D:1      | Reached skill level 3 in Axes
   257 | D:1      | Gained mutation: You have sharp fingernails. [demonic
                  | ancestry]
   257 | D:1      | Reached XP level 2. HP: 20/24 MP: 2/2
   752 | D:1      | Found a faded altar of an unknown god.
   986 | D:1      | Gained mutation: You regenerate magic rapidly. [demonic
                  | ancestry]
   986 | D:1      | Reached XP level 3. HP: 15/29 MP: 3/3
  1609 | D:2      | Reached skill level 1 in Throwing
  1743 | D:2      | Noticed Natasha
  1754 | D:2      | Killed Natasha
  1754 | D:2      | Reached ** piety under Trog
  1755 | D:2      | Reached skill level 4 in Axes
  1755 | D:2      | Reached XP level 4. HP: 24/35 MP: 4/4
  1878 | D:2      | Noticed Natasha
  1888 | D:2      | Killed Natasha
  1900 | D:2      | Noticed Natasha
  1923 | D:2      | Killed Natasha
  3033 | D:3      | Gained mutation: A weak demonic guardian rushes to your
                  | aid. [demonic ancestry]
  3033 | D:3      | Reached XP level 5. HP: 41/41 MP: 5/5
  3033 | D:3      | Quit the game

Illustrated notes

Levels and vault maps discovered:
D:1:      sevenhm_arrival_forest_fort_small_5, layout_basic,
          shapermc_ecumenical_altar_flowoftime, serial_shops, shop,
          nicolae_concentric_dashed_squares_mild, chequers_mini_garden
D:2:      layout_basic, minmay_tiny_reverse_x, uniq_natasha
D:3:      layout_rooms, uniq_sigmund

Skill      XL: |  1  2  3  4 |
---------------+-------------+-----
Axes           | 3 4 |  4.4
Throwing       | 1 2 |  2.3
Fighting       | |  3.0
Armour         | |  1.7
Dodging        | |  1.7

Action                   |  1- 3 |  4- 6 || total
-------------------------+-------+-------++-------
Melee: Hand axe          |   110 |    52 ||   162
       Punch             |     2 |       ||     2
Throw: Dart              |    12 |     6 ||    18
       Stone             |       |     2 ||     2
Invok: Berserk           |     1 |     2 ||     3
       Trog's Hand       |       |     1 ||     1
  Use: Potion            |       |     3 ||     3
       Scroll            |       |     1 ||     1
Armor: Animal skin       |    15 |       ||    15
       Ring mail         |     4 |    18 ||    22
Dodge: Dodged            |    59 |    26 ||    85

Table legend: (Time is in decaauts)
 A = Elapsed time spent in this place.
 B = Non-inter-level travel time spent in this place.
 C = Inter-level travel time spent in this place.
 D = Time resting spent in this place.
 E = Time spent auto-exploring this place.
 F = Levels seen in this place.
 G = Mean time per level.
                   A        B        C        D        E       F      G
               +--------+--------+--------+--------+--------+-----+--------+
         Total |   3113 |   2980 |    133 |    844 |   1757 |   3 | 1037.7 |
       Dungeon |   3113 |   2980 |    133 |    844 |   1757 |   3 | 1037.7 |
               +--------+--------+--------+--------+--------+-----+--------+

Top non-repeatable levels by time:
     D:1: 1560 daAuts
     D:2: 1547 daAuts
     D:3: 5 daAuts
